cohdb
Replays
Latest Replays
All Replays
Popular Replays
Top Player Replays
Match Explorer
How It Works
Community
CoH3 Stats
Reddit
Sign in to upload your games and track your stats! →
Sign in with Steam
Match 41575560
Unlisted
Match 41575560
Overview
Messages
Build Orders
End
Kradschützen Motorcycle Team
Panzergrenadier Squad
Selects Panzerjäger Kommand Battlegroup
Selects Mine Fields
Panzergrenadier Squad
Construct Light Support Kompanie
2.5-tonne Medical Truck
MG34 Team
Fire Support Elements
Panzerjäger Mechanized Group
Selects Defensive Positions
Flakvierling Half-track
Selects Tank Busters
Tungsten Core Ammunition
Vehicle Survival Package
Construct Panzerarmee Kommand
Selects Butterfly Bomb Drop
Butterfly Bomb Drop
Panzerjäger Mechanized Group
Walking Stuka Rocket Launcher
Butterfly Bomb Drop
Butterfly Bomb Drop
初羽空白
Wagggggggh!哈哈
CPU - VERY EASY
Calm
雪花零落
打精锐的李云龙!
龙舞青云
只因未来
0
0
Comments
sign in to comment!
No comments posted yet!